 Dungeon Crawl Stone Soup version 0.28-a0-1152-g9c71ebef14 (webtiles) character file.

Game seed: 595160684235915994

2 spaghetti the Skirmisher (level 1, 0/24 HPs)
             Began as an Ogre Delver on Dec 14, 2021.
             Slain by an ufetubus (4 damage)
             ... on level 4 of the Dungeon.
             The game lasted 00:01:15 (158 turns).

spaghetti the Skirmisher (Ogre Delver)               Turns: 158, Time: 00:01:16

Health: 0/24       AC:  3    Str: 15    XL:     1   Next: 40%
Magic:  1/1        EV:  9    Int: 11    God:
Gold:   47         SH:  0    Dex: 10    Spells: 0/0 levels left

rFire   . . .      SeeInvis .   a - +0 mace {mace}
rCold   . . .      Faith    .   (no shield)
rNeg    . . .      Spirit   .   b - +0 robe
rPois   .          Reflect  .   (helmet restricted)
rElec   .          Harm     .   (no cloak)
rCorr   .          Rampage  .   (gloves unavailable)
Will    .....                   (boots unavailable)
Stlth   ++........              (no amulet)
HPRegen 0.08/turn               (no ring)
MPRegen 0.07/turn               (no ring)

@: no status effects
A: large, unfitting armour, tough skin 1
a: no special abilities


You were on level 4 of the Dungeon.
You visited 1 branch of the dungeon, and saw 2 of its levels.

You collected 47 gold pieces.


Innate Abilities, Weirdness & Mutations

You are too large for most types of armour.
You have tough skin. (AC +1)


   Skills:
 + Level 4.2 Fighting
 - Level 1.7 Maces & Flails
 - Level 1.7 Dodging
 - Level 3.7 Stealth


You couldn't memorise any spells.
You didn't know any spells.
Your spell library was empty.

Inventory:

Hand Weapons
 a - a +0 mace (weapon) {mace}
Armour
 b - a +0 robe (worn)
Wands
 g - a wand of digging (1)
Scrolls
 c - a scroll of fog
 d - a scroll of magic mapping {!r}

Dungeon Overview and Level Annotations

Branches:
Dungeon (5/15)
 Temple: D:4-7

Altars:

Annotations:
D:5 Eustachio; spaghetti's ghost, weakling DDDe

......#....#...P..♣
......#....#.....#.
....J.###†.# ....#
........#..# .##
........+..+ ..#
........#..# ...+
........g..#....#
#########S5..#
#@...# #....#
#....+ #....#
######


You could see an adder, an ufetubus, an endoplasm and a hobgoblin.


Message History

You take 4 damage, and now have 9/24 hp. 😨 HP[+1] Eustachio the Magnificent comes into view.
He is wielding a +0 rapier and carrying a wand of polymorph (8).
The orc completely misses you.
Unknown command.
Okay, then.
Eustachio shouts!
Eustachio says, "My allies will avenge me."
Eustachio mumbles some strange words.
Unknown command.
Unknown command.
As you read the scroll of fear, it crumbles to dust.
You assume a fearsome visage.
Eustachio looks frightened!
The orc looks frightened!
The quasit looks frightened!
Eustachio begs, "Please!
I have a lot of children!"
Eustachio gestures wildly while chanting.
Eustachio blinks!
Unknown command.
Eustachio mumbles some strange words.
Eustachio blinks!
Eustachio gestures wildly while chanting.
Eustachio blinks!
Aiming: Dig
Press: ? - help, Shift-Dir - straight line A rock wall.
The rock shatters into small pieces.
Cornered, the quasit turns to fight! 😨 HP[+1]
Okay, then.
Unknown command.
You feel yourself speed up. The iron imp hits you.
* * * LOW HITPOINT WARNING * * *
😱 HP[-5]
You take 5 damage, and now have 6/24 hp.
MASSIVE DAMAGE!! (PAUSE) Unknown command.
The iron imp disappears in a puff of smoke!
Aiming: Dig
Press: ? - help, Shift-Dir - straight line A rock wall.
The rock shatters into small pieces.
Unknown command.
The quasit disappears in a puff of smoke! 😨 HP[+1]
Found an escape hatch in the ceiling.
Unknown command.
There is a stone staircase leading up here. 😨 HP[+1]
You climb upwards.
The goblin shouts!
You hear an angry hiss.
There is a stone staircase leading down here.
Unknown command.
Unknown command.
Unknown command.
You hit the goblin.
You kill the goblin!
An adder comes into view.
An adder is nearby!
A ball python comes into view.
You are too injured to fight recklessly!
Your extra speed is starting to run out.
Unknown command.
The helpless ball python fails to defend itself.
You hit the ball python. The ball python barely misses you.
You hit the ball python. The ball python closely misses you.
Unknown command.
Unknown command.
You sock the ball python!
You kill the ball python!
You see here a ball python corpse.
You open the door.
You feel yourself slow down.
Unknown command.
A hobgoblin and an ufetubus come into view.
There is an open door here. 😨 HP[+1]
The ufetubus shouts!
The hobgoblin shouts!
An endoplasm comes into view.
You close the door.
You aren't carrying any potions.
Unknown command.
Okay, then.
Unknown command.
You closely miss the adder. The adder bites you.
* * * LOW HITPOINT WARNING * * *
The ufetubus barely misses you. The ufetubus hits you.
* * * LOW HITPOINT WARNING * * *
The adder bites you.
* * * LOW HITPOINT WARNING * * *
😱 HP[-4]
You take 4 damage, and now have 5/24 hp.
Unknown command.
Unknown command.
Okay, then.
You aren't carrying any potions.
Okay, then.
Unknown command.
You hit the adder. The ufetubus hits you.
* * * LOW HITPOINT WARNING * * *
The ufetubus hits you.
You die...

Action                   || total
-------------------------++-------
Melee: Mace              ||    11
Evoke: Wand              ||     2
  Use: Scroll            ||     2
       Potion            ||     1
 Stab: Sleeping          ||     1
Armor: Robe              ||     1
Dodge: Dodged            ||     6

Levels and vault maps discovered:
D:4:      layout_gridville, mainiacjoe_overflow_concentric_impassable,
          serial_shops, shop, serial_bayou, serial_bayou_lake_a,
          serial_bayou_pond_e, serial_bayou_pond_a, serial_bayou_shore_b,
          skrybe_limestone_x, uniq_natasha
D:5:      layout_cave_pools, mainiacjoe_overflow_alcove_2,
          gammafunk_ghost_split, serial_shops, nicolae_take_the_stairs,
          uniq_menkaure, uniq_eustachio

Notes
Turn   | Place    | Note
-------+----------+-------------------------------------------
     0 | D:5      | spaghetti the Ogre Delver began the quest for the Orb.
     0 | D:5      | Reached XP level 1. HP: 24/24 MP: 1/1
     0 | D:5      | magus.rc [v1.9.6]
    37 | D:5      | Noticed a howler monkey
    39 | D:5      | Noticed spaghetti's ghost (weakling DDDe)
    53 | D:5      | Noticed an orc wizard
    86 | D:5      | Noticed Eustachio
    89 | D:5      | Noticed a quasit
    90 | D:5      | Noticed an iron imp
    99 | D:5      | HP: 6/24 [iron imp[Eustachio] (5)]
   157 | D:4      | HP: 5/24 [adder (2)]
   158 | D:4      | Slain by an ufetubus

Vanquished Creatures
  A ball python (D:4)
  A goblin (D:4)
2 creatures vanquished.

Table legend:
 A = Non-vault XP
 B = Vault XP
 C = Vault XP percentage of total XP
 D = Non-vault monster count
 E = Vault monster count
 F = Vault count percentage of total count
                 A         B        C        D         E       F
            +---------+---------+-------+---------+---------+-------
      Total |       4 |       0 |   0.0 |       2 |       0 |   0.0
            +---------+---------+-------+---------+---------+-------
        D:4 |       4 |       0 |   0.0 |       2 |       0 |   0.0
            +---------+---------+-------+---------+---------+-------

Illustrated notes

Table legend:
 A = Kills in this place as a percentage of kills in entire the game.
 B = Kills by you in this place as a percentage of kills by you in the entire game.
 C = Kills by friends in this place as a percentage of kills by friends in the entire game.
 D = Other kills in this place as a percentage of other kills in the entire game.
 E = Experience gained in this place as a percentage of experience gained in the entire game.
 F = Experience gained in this place divided by the number of levels of this place that you have seen.
                   A       B       C       D       E      F
               +-------+-------+-------+-------+-------+----------------------
         Total | 100.0 | 100.0 |   N/A |   N/A | 100.0 |   2.0
       Dungeon | 100.0 | 100.0 |   N/A |   N/A | 100.0 |   2.0
               +-------+-------+-------+-------+-------+----------------------

Table legend: (Time is in decaauts)
 A = Elapsed time spent in this place.
 B = Non-inter-level travel time spent in this place.
 C = Inter-level travel time spent in this place.
 D = Time resting spent in this place.
 E = Time spent auto-exploring this place.
 F = Levels seen in this place.
 G = Mean time per level.
                   A        B        C        D        E       F      G
               +--------+--------+--------+--------+--------+-----+--------+
         Total |    143 |    143 |      0 |      0 |     53 |   2 |   71.5 |
       Dungeon |    143 |    143 |      0 |      0 |     53 |   2 |   71.5 |
               +--------+--------+--------+--------+--------+-----+--------+

Top non-repeatable levels by time:
     D:5: 125 daAuts
     D:4: 18 daAuts
